 Dungeon Crawl Stone Soup version 0.31-a0-614-gc85dc1c48c (webtiles) character file.

Game seed: 8645844020826141278

99 AdnanSaban the Covered (level 4, -3/28 HPs)
             Began as a Gargoyle Fighter on Aug 22, 2023.
             Slain by a gnoll
             ... wielding a +0 spear
              (6 damage)
             ... on level 3 of the Dungeon.
             The game lasted 00:01:18 (1801 turns).

AdnanSaban the Covered (Gargoyle Fighter)           Turns: 1801, Time: 00:01:19

Health: -3/28      AC: 11    Str: 22    XL:     4   Next: 72%
Magic:  4/4        EV:  9    Int:  8    God:
Gold:   90         SH:  4    Dex:  9    Spells: 3/3 levels left

rFire   . . .        a - +0 flail
rCold   . . .        c - +0 buckler
rNeg    + . .        b - +0 scale mail
rPois   ∞            k - +0 helmet
rElec   +            (no cloak)
rCorr   .            (no gloves)
SInv    .            (no boots)
Will    .....        n - amulet of the acrobat Stlth
                     (no ring)
HPRegen 0.24/turn    (no ring)
MPRegen 0.09/turn

%: acrobat
@: no status effects
A: sickness immunity, AC +3, negative energy resistance 1, electricity
resistance, torment resistance 1, petrification resistance
a: no special abilities


You were on level 3 of the Dungeon.
You visited 1 branch of the dungeon, and saw 3 of its levels.

You collected 90 gold pieces.

Inventory:

Hand Weapons
 a - a +0 flail (weapon)
Missiles
 i - 2 poisoned darts
 j - 3 javelins
Armour
 b - a +0 scale mail (worn)
 c - a +0 buckler (worn)
 k - a +0 helmet (worn)
Jewellery
 m - a ring of fire
 n - an amulet of the acrobat (around neck)
 o - a +6 ring of intelligence
Scrolls
 e - 3 scrolls of teleportation {unknown}
 f - 4 scrolls of identify {unknown}
 h - a scroll of enchant weapon {unknown}
 t - a scroll of brand weapon {unknown}
Potions
 d - a potion of might
 g - a potion of mutation {unknown}
 l - a potion of degeneration {unknown}
 p - 2 potions of curing {unknown}
 q - a potion of enlightenment {unknown}
 r - a potion of cancellation {unknown}
 s - a potion of invisibility {unknown}


   Skills:
 + Level 3.5 Fighting
 + Level 3.2 Maces & Flails
 + Level 4.0 Armour
 + Level 0.5 Dodging
 + Level 4.0 Shields


You had 3 spell levels left.
You didn't know any spells.
Your spell library was empty.

Dungeon Overview and Level Annotations

Branches:
Dungeon (3/15)

Altars:


Innate Abilities, Weirdness & Mutations

You are immune to sickness and miasma.
Your stone body is resilient. (AC +3)
You are immune to poison.
You resist negative energy. (rN+)
You are resistant to electric shocks. (rElec)
You are resistant to unholy torment.
You are immune to petrification.


Message History

You sock the gnoll!
The gnoll is severely wounded.
The gnoll hits you from afar with a +0 spear.
The giant cockroach bites you but does no damage.
The gnoll closely misses you. x2
You barely miss the gnoll.
The gnoll is severely wounded.
The giant cockroach barely misses you. The gnoll hits you with a +0 whip.
The gnoll hits you from afar with a +0 spear.
The giant cockroach bites you but does no damage.
You are too injured to fight recklessly!
You are too injured to fight recklessly!
You are too injured to fight recklessly!
You are too injured to fight recklessly!
You are too injured to fight recklessly!
You are too injured to fight recklessly!
You are too injured to fight recklessly!
You are too injured to fight recklessly!
You are too injured to fight recklessly!
You are too injured to fight recklessly!
You are too injured to fight recklessly!
You are too injured to fight recklessly!
You are too injured to fight recklessly!
You are too injured to fight recklessly!
You are too injured to fight recklessly!
You are too injured to fight recklessly!
You are too injured to fight recklessly!
You closely miss the giant cockroach. The gnoll hits you but does no damage.
You block the gnoll's attack.
The giant cockroach bites you but does no damage.
Unknown command.
You barely miss the giant cockroach. The giant cockroach bites you.
You block the gnoll's attack.
The gnoll hits you from afar with a +0 spear!
* * * LOW HITPOINT WARNING * * *
You block the giant cockroach's attack. You block the gnoll's attack.
You hit the giant cockroach.
The giant cockroach is almost dead.
The gnoll hits you from afar with a +0 spear.
You die...

... . ..# .. ..# ...
#.# .... #.## .....
#..#### .....
#....###g....###.......
#...B@gbr.............
#...###g.######.......
#######...#####......
.................#+#
.................#.#
....................#
....................#
.....................
....................#


You could see 3 gnolls, a quokka, a giant cockroach and a bat.

Vanquished Creatures
  2 gnolls
  2 adders (D:2)
  2 dart slugs (D:1)
  3 ball pythons
  5 bats
  5 endoplasms
  3 giant cockroaches
  7 hobgoblins
  2 jackals (D:2)
  3 quokkas
  5 frilled lizards
  5 goblins
  8 kobolds
  3 rats
55 creatures vanquished.

Notes
Turn   | Place    | Note
-------+----------+-------------------------------------------
     0 | D:1      | AdnanSaban the Gargoyle Fighter began the quest for the
                  | Orb.
     0 | D:1      | Reached XP level 1. HP: 14/14 MP: 1/1
   214 | D:1      | Reached XP level 2. HP: 19/19 MP: 2/2
   304 | D:1      | Reached XP level 3. HP: 18/23 MP: 3/3
   962 | D:2      | Reached XP level 4. HP: 28/28 MP: 4/4
  1035 | D:2      | Identified the +1 robe of the Catfish {*Corrode Fly
                  | Archmagi}
  1801 | D:3      | Slain by a gnoll

Illustrated notes

Levels and vault maps discovered:
D:1:      matt_arrival_grand_opening, layout_basic
D:2:      layout_basic
D:3:      layout_basic, grunt_gozag_statues, nicolae_overflow_hidden_temple,
          serial_shops, shop, shop, nicolae_shop_rolling_square,
          nicolae_shop_trees

Skill      XL: |  1  2  3  4 |
---------------+-------------+-----
Maces & Flails | 3 |  3.2
Armour         | 4 |  4.0
Shields        | 4 |  4.0
Fighting       | |  3.5
Dodging        | |  0.5

Action                     |  1- 3 |  4- 6 || total
---------------------------+-------+-------++-------
  Melee: Flail             |   117 |    56 ||   173
 Armour: Scale mail        |    77 |    25 ||   102
  Dodge: Dodged            |    77 |    39 ||   116
  Block: Buckler           |    26 |    16 ||    42

Table legend: (Time is in decaauts)
 A = Elapsed time spent in this place.
 B = Non-inter-level travel time spent in this place.
 C = Inter-level travel time spent in this place.
 D = Time resting spent in this place.
 E = Time spent auto-exploring this place.
 F = Levels seen in this place.
 G = Mean time per level.
                   A        B        C        D        E       F      G
               +--------+--------+--------+--------+--------+-----+--------+
         Total |   1852 |   1811 |     41 |      0 |   1432 |   3 |  617.3 |
       Dungeon |   1852 |   1811 |     41 |      0 |   1432 |   3 |  617.3 |
               +--------+--------+--------+--------+--------+-----+--------+

Top non-repeatable levels by time:
     D:2: 928 daAuts
     D:1: 898 daAuts
     D:3: 25 daAuts
